 Dungeon Crawl Stone Soup version 0.27-a0-1347-gd8886f0a89 (webtiles) character file.

Game seed: 6160691684065750287

644 bilbop the Caller (level 7, -1/40 HPs)
             Began as a Deep Elf Summoner on June 27, 2021.
             Killed from afar by an orc wizard (10 damage)
             ... with a puff of flame
             ... on level 5 of the Dungeon.
             The game lasted 00:41:47 (6925 turns).

bilbop the Caller (Deep Elf Summoner)               Turns: 6925, Time: 00:41:48

Health: -1/40      AC:  3    Str:  5    XL:     7   Next: 27%
Magic:  14/16      EV: 14    Int: 20    God:
Gold:   152        SH:  0    Dex: 17    Spells: 10/16 levels left

rFire    . . .     SeeInvis +   a - +0 dagger
rCold    . . .     Faith    .   (no shield)
rNeg     + . .     Spirit   .   b - +0 robe
rPois    .         Reflect  .   (no helmet)
rElec    .         Harm     .   (no cloak)
rCorr    .         Rampage  .   q - +0 pair of gloves
Will     .....                  (no boots)
Stlth    +++.......             (no amulet)
HPRegen  0.13/turn              j - ring of positive energy
MPRegen  0.15/turn              k - ring of see invisible

@: no status effects
A: no striking features
a: no special abilities


You were on level 5 of the Dungeon.
You visited 1 branch of the dungeon, and saw 5 of its levels.

You collected 152 gold pieces.

Inventory:

Hand Weapons
 a - a +0 dagger (weapon)
Missiles
 p - 4 curare-tipped darts
Armour
 b - a +0 robe (worn)
 q - a +0 pair of gloves (worn)
Jewellery
 j - a ring of positive energy (left hand)
 k - a ring of see invisible (right hand)
Wands
 s - a wand of mindburst (18)
 u - a wand of digging (4)
Scrolls
 c - 2 scrolls of silence {unknown}
 d - a scroll of blinking {unknown}
 f - 2 scrolls of teleportation {unknown}
 g - 5 scrolls of identify {unknown}
 h - 2 scrolls of magic mapping {unknown}
 r - a scroll of fog {unknown}
Potions
 e - 2 potions of heal wounds {unknown}
 i - 2 potions of brilliance {unknown}
 l - 2 potions of degeneration {unknown}
 m - a potion of flight {unknown}
 n - 2 potions of curing {unknown}
 o - 2 potions of haste {unknown}
 t - a potion of berserk rage {unknown}


   Skills:
 + Level 2.4 Fighting
 + Level 2.9 Short Blades
 + Level 4.4 Dodging
 + Level 4.7 Stealth
 + Level 5.1 Spellcasting
 + Level 5.6 Summonings


You had 10 spell levels left.
You knew the following spells:

 Your Spells              Type           Power      Damage    Failure   Level
a - Summon Small Mammal   Summ           100%       N/A       1%          1
b - Call Imp              Summ           27%        N/A       1%          2
c - Call Canine Familiar  Summ           27%        N/A       3%          3

Your spell library contained the following spells:

 Spells                   Type           Power      Damage    Failure   Level
 Summon Guardian Golem    Hex/Summ       16%        N/A       11%         3
 Freeze                   Ice            20%        1d4       12%         1
 Shock                    Conj/Air       20%        1d4       12%         1
 Static Discharge         Conj/Air       5%         N/A       17%         2
 Frozen Ramparts          Ice            10%        1d3       34%         3
 Ozocubu's Armour         Ice            5%         N/A       34%         3
 Swiftness                Air            5%         N/A       34%         3
 Summon Ice Beast         Ice/Summ       16%        N/A       34%         4
 Summon Lightning Spire   Summ/Air       16%        N/A       34%         4
 Airstrike                Air            2%         N/A       75%         4
 Hailstorm                Conj/Ice       5%         3d4       75%         4
 Lightning Bolt           Conj/Air       2%         1d14      97%         5
 Metabolic Englaciation   Hex/Ice        2%         N/A       97%         5


Dungeon Overview and Level Annotations

Branches:
Dungeon (5/15)
 Temple: D:4-7

Altars:

Annotations:
D:3 1 runed translucent door, Crazy Yiuf
D:4 2 transporters, avis's ghost, amateur DgTm
D:5 Sigmund


Message History

You miss the orc wizard.
The orc wizard is moderately wounded.
The orc wizard hits you but does no damage.
You hit the orc wizard.
The orc wizard is heavily wounded.
The orc wizard points at you and mumbles some strange words.
The magic dart hits you.
You hit the orc wizard but do no damage.
The orc wizard is heavily wounded.
The orc wizard hits you with a +0 dagger.
You barely miss the orc wizard.
The orc wizard is heavily wounded.
Your crimson imp misses the orc wizard.
You closely miss the orc wizard.
The orc wizard is heavily wounded.
The orc wizard closely misses you.
You hit the orc wizard.
The orc wizard is heavily wounded.
The orc wizard hits you with a +0 dagger.
You miss the orc wizard.
The orc wizard is heavily wounded.
The orc wizard closely misses you.
Your crimson imp closely misses the orc wizard.
You hit the orc wizard.
The orc wizard is severely wounded.
The orc wizard casts a spell at you. The puff of flame hits you.
The iguana bites your crimson imp.
You hit the orc wizard.
The orc wizard is almost dead.
Your crimson imp blinks!
The orc wizard gestures at you while chanting.
The puff of flame hits you!
* * * LOW HITPOINT WARNING * * *
The iguana bites your crimson imp.
You hit the orc wizard but do no damage.
The orc wizard is almost dead.
Your crimson imp hits the orc wizard but does no damage.
The orc wizard gestures at you while chanting.
The puff of flame hits you!
You die...

##≈.....# #..# ###
#§≈§###)###..# #.#
###§####...#..
#.####...###.#####
#............#
#.####...##### #.#
##.## #o### #.#
#@55# #.# ###l#
#.# .# #.# .# #.#
.###g# .##.h#
.##.##
.##.########### .
#............


You could see an iguana, an orc wizard (invisible) and 2 friendly crimson imps.

Vanquished Creatures
  A water moccasin skeleton (D:4)
  A wight (D:4)
  A bullfrog skeleton (D:5)
  3 gnolls
  A howler monkey skeleton (D:3)
  A dart slug (D:3)
  3 endoplasms (D:3)
  A goblin (D:4)
  2 hobgoblins
  A ball python (D:2)
  A bat (D:3)
  4 rats
20 creatures vanquished.

Vanquished Creatures (collateral kills)
  Duvessa (D:5)
  An ice beast (D:5)
  A sky beast (D:5)
  2 phantoms
  2 scorpions
  Dowan (D:5)
  3 wights (D:4)
  A hound (D:4)
  An orc priest (D:5)
  An iguana (D:5)
  3 gnolls
  3 adders (D:3)
  An adder skeleton (D:4)
  2 worms (D:3)
  5 orcs
  5 ball pythons
  4 endoplasms (D:3)
  3 giant cockroaches
  3 goblins
  A hobgoblin (D:1)
  5 jackals
  3 quokkas (D:3)
  2 ball python zombies (D:1)
  4 bats
  4 frilled lizards
  4 kobolds
  A rat (D:3)
67 creatures vanquished.

Grand Total: 87 creatures vanquished

Notes
Turn   | Place    | Note
-------+----------+-------------------------------------------
     0 | D:1      | bilbop the Deep Elf Summoner began the quest for the Orb.
     0 | D:1      | Reached XP level 1. HP: 10/10 MP: 6/6
   707 | D:1      | Reached XP level 2. HP: 15/15 MP: 8/8
  1200 | D:2      | Reached skill level 1 in Short Blades
  1200 | D:2      | Reached XP level 3. HP: 13/20 MP: 4/9
  1372 | D:2      | Found a faded altar of an unknown god.
  1435 | D:2      | Learned a level 2 spell: Call Imp
  1741 | D:3      | Upgraded the game from 0.27-a0-1334-g2746e35aca to
                  | 0.27-a0-1347-gd8886f0a89
  2750 | D:3      | Reached skill level 1 in Fighting
  3020 | D:3      | Reached XP level 4. HP: 25/25 MP: 6/11
  3062 | D:3      | Learned a level 3 spell: Call Canine Familiar
  3113 | D:3      | Noticed a scorpion
  3131 | D:3      | Killed a scorpion
  3554 | D:3      | Found a runed translucent door.
  3555 | D:3      | Noticed Crazy Yiuf
  3792 | D:4      | Noticed a scorpion
  3894 | D:4      | Killed a scorpion
  3895 | D:4      | Reached XP level 5. HP: 29/29 MP: 3/13
  3989 | D:4      | Found a transporter.
  3993 | D:4      | Noticed avis's ghost (amateur DgTm)
  4008 | D:4      | Found a transporter.
  4125 | D:4      | Reached skill level 5 in Summonings
  4349 | D:4      | Noticed a phantom
  4369 | D:4      | Killed a phantom
  4660 | D:4      | Reached XP level 6. HP: 33/35 MP: 0/14
  5210 | D:5      | Entered Level 5 of the Dungeon
  5211 | D:5      | Noticed an ice beast
  5231 | D:5      | Killed an ice beast
  5318 | D:5      | Identified the +8 whip "Qeunos" {vamp, rElec}
  5395 | D:5      | Noticed Sigmund
  5539 | D:5      | Identified the +6 whip of the Chain {flame, Int+5}
  5746 | D:5      | Noticed a sky beast
  5764 | D:5      | Killed a sky beast
  5765 | D:5      | Reached skill level 5 in Spellcasting
  5765 | D:5      | Reached XP level 7. HP: 17/40 MP: 12/16
  6162 | D:5      | Noticed Dowan
  6163 | D:5      | Noticed Duvessa
  6182 | D:5      | Killed Dowan
  6188 | D:5      | Killed Duvessa
  6925 | D:5      | Killed from afar by an orc wizard

Illustrated notes

Levels and vault maps discovered:
D:1:      saegor_arrival_fortress, layout_loops_ring
D:2:      layout_rooms, ebering_ecumenical_altar_rust
D:3:      minmay_thinvault, layout_loops_ring, uniq_crazy_yiuf_cottage
D:4:      layout_rooms, gammafunk_ghost_stat_death
D:5:      layout_loops_ring, lightli_temple_of_fire, uniq_duvessa, uniq_sigmund

Skill      XL: |  1  2  3  4  5  6 |
---------------+-------------------+-----
Short Blades   | 1 2 |  2.9
Stealth        | 3 4 |  4.7
Fighting       | 1 2 |  2.4
Dodging        | 3 4 |  4.4
Spellcasting   | 4 5 |  5.1
Summonings     | 5 |  5.6

Action                   |  1- 3 |  4- 6 |  7- 9 || total
-------------------------+-------+-------+-------++-------
Melee: Unarmed           |     4 |       |       ||     4
       Dagger            |    52 |    98 |    33 ||   183
 Cast: Summon Small Mamm |    35 |     1 |       ||    36
       Call Imp          |    29 |    48 |    11 ||    88
       Call Canine Famil |       |    12 |     7 ||    19
 Stab: Sleeping          |     8 |     6 |       ||    14
Armor: Robe              |    14 |    11 |     6 ||    31
Dodge: Dodged            |    39 |    65 |    15 ||   119

Table legend: (Time is in decaauts)
 A = Elapsed time spent in this place.
 B = Non-inter-level travel time spent in this place.
 C = Inter-level travel time spent in this place.
 D = Time resting spent in this place.
 E = Time spent auto-exploring this place.
 F = Levels seen in this place.
 G = Mean time per level.
                   A        B        C        D        E       F      G
               +--------+--------+--------+--------+--------+-----+--------+
         Total |   6909 |   6292 |    617 |   2174 |   3054 |   5 | 1381.8 |
       Dungeon |   6909 |   6292 |    617 |   2174 |   3054 |   5 | 1381.8 |
               +--------+--------+--------+--------+--------+-----+--------+

Top non-repeatable levels by time:
     D:3: 2074 daAuts
     D:4: 1674 daAuts
     D:5: 1421 daAuts
     D:1: 1142 daAuts
     D:2: 596 daAuts
